 Dungeon Crawl Stone Soup version 0.22-a0-799-g88f5e90 (webtiles) character file.

21 Amnesiac the Digger (level 2, 0/19 HPs)
             Began as a Mummy Earth Elementalist on July 21, 2018.
             Was an Initiate of Kikubaaqudgha.
             Slain by a goblin
             ... wielding a +0 hand axe
              (5 damage)
             ... on level 2 of the Dungeon.
             The game lasted 00:02:28 (575 turns).

Amnesiac the Digger (Mummy Earth Elementalist)       Turns: 575, Time: 00:02:29

Health: 0/19       AC:  2    Str: 11    XL:     2   Next: 65%
Magic:  6/6        EV: 12    Int: 14    God:    Kikubaaqudgha [......]
Gold:   67         SH:  0    Dex: 12    Spells: 4/7 levels left

rFire    x . .     SeeInvis .   a - +0 whip
rCold    + . .     Gourm    .   (no shield)
rNeg     + + +     Faith    .   c - +0 robe
rPois    ∞         Spirit   .   (no helmet)
rElec    .         Reflect  .   (no cloak)
rCorr    .         Harm     .   (no gloves)
MR       .....                  (no boots)
Stlth    ++........             (no amulet)
HPRegen  0.06/turn              (no ring)
MPRegen  0.10/turn              (no ring)

@: no status effects
A: no food or potions, fire vulnerability, cold resistance 1, negative energy
resistance 3, torment resistance, unbreathing
a: Renounce Religion


You were on level 2 of the Dungeon.
You worshipped Kikubaaqudgha.
Kikubaaqudgha was noncommittal.
You were not hungry.

You visited 1 branch of the dungeon, and saw 2 of its levels.

You collected 67 gold pieces.

Inventory:

Hand Weapons
 a - a +0 whip (weapon)
Missiles
 b - 25 stones (quivered)
Armour
 c - a +0 robe (worn)
Scrolls
 d - 3 scrolls of identify {!r, unknown}
 e - a scroll of teleportation {!r, unknown}
 f - a scroll of remove curse {!r, unknown}


   Skills:
 - Level 1.5 Dodging
 - Level 1.5 Stealth
 + Level 3.1 Spellcasting
 - Level 0.7 Transmutations
 * Level 3.1 Earth Magic


You had 4 spell levels left.
You knew the following spells:

 Your Spells              Type           Power        Failure   Level  Hunger
a - Sandblast             Erth           ##....       6%          1    N/A
b - Passwall              Tmut/Erth      #.......     14%         2    N/A

Your spell library contained the following spells:

 Spells                   Type           Power        Failure   Level  Hunger
 Stone Arrow              Conj/Erth      #.....       32%         3    N/A
 Lee's Rapid Deconstruct  Erth           ##........   85%         5    N/A
 Petrify                  Tmut/Erth      #.......     67%         4    N/A

Dungeon Overview and Level Annotations

Branches:
Dungeon (2/15)

Altars:
Ashenzari
Elyvilon
Fedhas
Hepliaklqana
Kikubaaqudgha
Makhleb
Nemelex Xobeh
Uskayaw


Innate Abilities, Weirdness & Mutations

You do not eat or drink.
Your flesh is vulnerable to fire.
You are immune to poison.
Your flesh is cold resistant. (rC+)
You are immune to negative energy. (rN+++)
You are immune to unholy pain and torment.
You can survive without breathing.


Message History

(D) Dungeon
Where to? (? - help)
What level of the Dungeon? (default 1, ? - help)
There is a blossoming altar of Fedhas here.
The bat is too close now for your liking.
There is a stone staircase leading up here.
Casting: Sandblast (safe; 6% risk of failure)
Confirm with . or Enter, or press ? or * to list all spells.
You can't see any susceptible monsters within range! (Use Z to cast anyway.)
A goblin comes into view. It is wielding an enchanted dagger.
The goblin shouts!
The goblin barely misses you.
You hit the goblin.
You kill the goblin!
Kikubaaqudgha accepts your kill. The bat misses you.
You hit the bat.
You kill the bat!
Kikubaaqudgha accepts your kill.
No target in view!
No target in view!
Found 9 gold pieces.
You now have 41 gold pieces (gained 16).
You see here an enchanted dagger.
You now have 50 gold pieces (gained 9).
Found 2 rations.
Found 23 bolts.
Found a scroll labeled SEHIHA AMOJ and a scroll labeled HOMONI KOAT.
The frilled lizard bites you.
You hit the frilled lizard.
You kill the frilled lizard!
Kikubaaqudgha accepts your kill.
No target in view!
No target in view!
e - a scroll labeled SEHIHA AMOJ {!r}
Found a stone staircase leading down.
Found 17 gold pieces.
f - a scroll labeled HOMONI KOAT {!r} You now have 67 gold pieces (gained 17).
HP restored.
Found 13 poisoned needles.
The goblin is too close now for your liking.
You can't go up here!
The goblin shouts!
Found 3 scrolls labeled SUGIAB YDIMASS.
Found a stone staircase leading down.
You barely miss the goblin. The goblin barely misses you.
You hit the goblin.
The goblin is moderately wounded.
The goblin hits you with a hand axe.
You hit the goblin but do no damage.
The goblin is moderately wounded.
The goblin closely misses you.
You barely miss the goblin.
The goblin is moderately wounded.
The goblin hits you with a hand axe!
* * * LOW HITPOINT WARNING * * *
You completely miss the goblin.
The goblin is moderately wounded.
The goblin closely misses you.
You hit the goblin.
The goblin is severely wounded.
The goblin hits you with a hand axe.
You die...
Kikubaaqudgha rasps: "You have failed me!
Welcome... oblivion!"

#..........##..............
######........###.#........
#.......###...........
####.......###.#.........
..........................
........#.####...........#
...........####.#......####
..##..##.....%.%##..#######
. ...#....@..#.............
#.#...##.g#....###........
..#....(......## #........
#..........## #........
...........#####........
>........... ...........
?...........#...###...._
..##...#....###..##.._..
........#...##..#.....


You could see a goblin.

Vanquished Creatures
  An adder (D:2)
  2 dart slugs
  3 bats
  A goblin (D:2)
  2 frilled lizards (D:2)
  A rat (D:2)
10 creatures vanquished.

Notes
Turn   | Place    | Note
-------+----------+-------------------------------------------
     0 | D:1      | Amnesiac the Mummy Earth Elementalist began the quest for the Orb.
     0 | D:1      | Reached XP level 1. HP: 13/13 MP: 4/4
   413 | D:2      | Reached XP level 2. HP: 19/19 MP: 2/5
   420 | D:2      | Learned a level 2 spell: Passwall
   448 | D:2      | Found a burning altar of Makhleb.
   449 | D:2      | Found a sparkling altar of Nemelex Xobeh.
   449 | D:2      | Found a hide-covered altar of Uskayaw.
   451 | D:2      | Found a hazy altar of Hepliaklqana.
   451 | D:2      | Found a white marble altar of Elyvilon.
   453 | D:2      | Found an ancient bone altar of Kikubaaqudgha.
   453 | D:2      | Found a blossoming altar of Fedhas.
   454 | D:2      | Found a shattered altar of Ashenzari.
   500 | D:2      | Became a worshipper of Kikubaaqudgha
   575 | D:2      | Slain by a goblin

Vault maps used:
D:1:      dpeg_arrival_lava_altar, roderic_malta_cross, grunt_decor_arrowhead
D:2:      okawaru_metal_pillars_1_2, grunt_temple_overflow_open,
          lightli_temple_of_fire

Skill      XL: |  1  2 |
---------------+-------+-----
Earth Magic    | 3 |  3.1
Spellcasting   | 3 |  3.1
Dodging        | |  1.5
Stealth        | |  1.5
Transmutations | |  0.7

Action                   || total
-------------------------++-------
Melee: Unarmed           ||    27
       Whip              ||    17
 Cast: Sandblast         ||     5
Armor: Robe              ||    25
Dodge: Dodged            ||    67

Table legend:
 A = Spawn XP
 B = Non-spawn XP
 C = Spawn XP percentage of total XP
 D = Spawn monster count
 E = Non-spawn monster count
 F = Spawn count percentage of total count
 G = Total turns spent on level
                    A         B        C        D         E        F      G
               +---------+---------+-------+---------+---------+-------+---------
         Total |       0 |      31 |   0.0 |       0 |      10 |   0.0 |   575
               +---------+---------+-------+---------+---------+-------+---------
           D:1 |       0 |       6 |   0.0 |       0 |       2 |   0.0 |   403
           D:2 |       0 |      25 |   0.0 |       0 |       8 |   0.0 |   172
               +---------+---------+-------+---------+---------+-------+---------
